 Dungeon Sprint DCSS version 0.21.1-1-g345015f (webtiles) character file.

613 Mesmaeker13 the Fighter (level 7, -1/111 HPs)
             Began as a Minotaur Berserker on Apr 13, 2018.
             Was a Priest of Trog.
             Slain by a centaur warrior (11 damage)
             ... in the Dungeon (Sprint I: "Red Sonja").
             The game lasted 00:01:13 (591 turns).

Mesmaeker13 the Fighter (Minotaur Berserker)         Turns: 591, Time: 00:01:13

Health: -1/111     AC:  4    Str: 29    XL:     7   Next: 20%
Magic:  6/6        EV: 11    Int:  4    God:    Trog [***...]
Gold:   125        SH:  4    Dex:  9    Spells: 6/6 levels left

rFire    . . .     SeeInvis .   a - +0 mace
rCold    . . .     Gourm    .   b - +2 buckler
rNeg     . . .     Faith    .   l - +0 leather armour
rPois    .         Spirit   .   (helmet restricted)
rElec    .         Reflect  .   (no cloak)
rCorr    .         Harm     .   (no gloves)
MR       .....     NoTele   +   (no boots)
Stlth    ..........             (no amulet)
HPRegen  0.28/turn              (no ring)
MPRegen  0.10/turn              (no ring)

@: berserking, very quick
A: retaliatory headbutt, horns 2
a: Berserk, Trog's Hand, Burn Spellbooks, Renounce Religion


You were in the Dungeon.
You worshipped Trog.
Trog was most pleased with you.
You were not hungry.

You visited 1 branch You collected 306 gold pieces.
You spent 181 gold pieces at shops.

Inventory:

Hand Weapons
 a - a +0 mace (weapon)
Armour
 b - a +2 buckler (worn)
 l - a +0 leather armour (worn)
Wands
 j - a wand of flame (23)
Scrolls
 i - a scroll of blinking
Potions
 d - a potion of curing
 e - a potion of heal wounds
 f - a potion of haste
 g - 2 potions of magic
 h - a potion of berserk rage
 k - 2 potions of brilliance {unknown}
Comestibles
 c - a ration


   Skills:
 + Level 11.2 Fighting
 + Level 11.2 Maces & Flails
 + Level 10.9 Armour
 - Level 2.1 Dodging


You had 6 spell levels left.
You didn't know any spells.

Dungeon Overview and Level Annotations

Branches:
Dungeon (1/1)

Altars:
Cheibriados
Dithmenos
Elyvilon
Fedhas
Gozag
Hepliaklqana
Kikubaaqudgha
Makhleb
Nemelex Xobeh
Okawaru
Qazlal
Ru
Sif Muna
Trog
Uskayaw
Vehumet
Wu Jian
Xom
Yredelemnul
Zin
The Shining One
Jiyva
Lugonu

Shops:
D [


Innate Abilities, Weirdness & Mutations

You reflexively headbutt those who attack you in melee.
You have a pair of horns on your head.


Message History

The centaur warrior unwields an uncursed shortbow.
The centaur warrior hits you!
* * * LOW HITPOINT WARNING * * *
There is an open door, spattered with blood here.
You see here an arrow.
You bludgeon the centaur warrior!! You headbutt the centaur warrior!
The centaur warrior is heavily wounded.
The centaur warrior hits you.
* * * LOW HITPOINT WARNING * * *
The centaur warrior closely misses you. You furiously retaliate!
You headbutt the centaur warrior! You closely miss the centaur warrior.
Your headbutt misses the centaur warrior.
The centaur warrior is heavily wounded.
The centaur warrior closely misses you. You block the centaur warrior's attack.
Unknown command.
You hit the centaur warrior.
The centaur warrior is heavily wounded.
The centaur warrior hits you!
You die...

###################
#<.#..)..#..'..#__#
#..'.[#..').#..'..+
#..#####'#####'#__# ##
#..####..#...#[####)(#
#..#__####..##§#§§≈§§
#..#_____##'#_c@c§≈§§
#⌠⌠#_.∩...'...§#§§§§.#
####_..__##_.#'##+####
#_____###+#.# #######
###


You could see 2 centaur warriors.

Vanquished Creatures
  A slime creature (D)
  Sigmund (D)
  A yak (D)
  An ogre (D)
  A jelly (D)
  Ijyb (D)
6 creatures vanquished.

Notes
Turn   | Place    | Note
-------+----------+-------------------------------------------
     0 | D        | Mesmaeker13 the Minotaur Berserker began the quest for the Orb.
     0 | D        | Reached XP level 1. HP: 19/19 MP: 0/0
     1 | D        | Noticed Ijyb
     8 | D        | Killed Ijyb
     8 | D        | Reached skill level 5 in Fighting
     8 | D        | Reached skill level 5 in Maces & Flails
     8 | D        | Reached XP level 2. HP: 26/29 MP: 1/1
    36 | D        | Noticed an ogre
    41 | D        | Killed an ogre
    41 | D        | Reached XP level 3. HP: 39/39 MP: 2/2
    41 | D        | Reached XP level 4. HP: 47/47 MP: 3/3
    96 | D        | Noticed Sigmund
   101 | D        | Killed Sigmund
   101 | D        | Reached ** piety under Trog
   101 | D        | Reached XP level 5. HP: 57/57 MP: 4/4
   101 | D        | Reached XP level 6. HP: 64/64 MP: 5/5
   118 | D        | Found a deep blue altar of Sif Muna.
   119 | D        | Found an ornate altar of the Wu Jian Council.
   120 | D        | Found a radiant altar of Vehumet.
   282 | D        | Found Tihuclick's Armour Emporium.
   282 | D        | Found an ancient bone altar of Kikubaaqudgha.
   282 | D        | Found a hazy altar of Hepliaklqana.
   282 | D        | Found a stormy altar of Qazlal.
   282 | D        | Found a hide-covered altar of Uskayaw.
   282 | D        | Found a blossoming altar of Fedhas.
   282 | D        | Found a bloodstained altar of Trog.
   282 | D        | Found an iron altar of Okawaru.
   282 | D        | Found a basalt altar of Yredelemnul.
   282 | D        | Found a glowing golden altar of the Shining One.
   282 | D        | Found a snail-covered altar of Cheibriados.
   282 | D        | Found a sacrificial altar of Ru.
   282 | D        | Found a glowing silver altar of Zin.
   282 | D        | Found a shadowy altar of Dithmenos.
   282 | D        | Found a white marble altar of Elyvilon.
   282 | D        | Noticed a yak
   285 | D        | Killed a yak
   285 | D        | Reached skill level 10 in Fighting
   285 | D        | Reached skill level 10 in Maces & Flails
   285 | D        | Reached skill level 10 in Armour
   286 | D        | Found an opulent altar of Gozag.
   287 | D        | Found a sparkling altar of Nemelex Xobeh.
   291 | D        | Bought a +2 buckler for 181 gold pieces
   313 | D        | Found a burning altar of Makhleb.
   313 | D        | Found a viscous altar of Jiyva.
   313 | D        | Found a shimmering altar of Xom.
   313 | D        | Found a corrupted altar of Lugonu.
   313 | D        | Noticed a slime creature
   320 | D        | Killed a slime creature
   320 | D        | Reached *** piety under Trog
   320 | D        | Reached XP level 7. HP: 17/74 MP: 6/6
   582 | D        | Noticed a centaur warrior
   582 | D        | Noticed a centaur warrior
   591 | D        | Slain by a centaur warrior

Skill      XL: |  1  2  3  4  5  6 |
---------------+-------------------+-----
Fighting       | 5 7 9 11 | 11.2
Maces & Flails | 5 7 9 11 | 11.2
Armour         | 4 6 9 10 | 10.9
Dodging        | |  2.1

Action                   |  1- 3 |  4- 6 |  7- 9 || total
-------------------------+-------+-------+-------++-------
Melee: Mace              |     9 |    15 |     3 ||    27
       Headbutt          |     2 |     4 |     1 ||     7
Invok: Berserk           |     1 |     2 |     1 ||     4
  Eat: Ration            |       |       |     1 ||     1
Armor: Leather armour    |       |     2 |       ||     2
Dodge: Dodged            |     4 |     3 |     2 ||     9
Block: Buckler           |       |       |     2 ||     2
